AoeStats
← Iamak3186

Arabia

503867921Analyzed
1v1 RM · 1mo ago on Sep 2, 2026· 85m 46s· 2 players
Game mode
Random Map
Map size
Tiny (2 player)
Population
200
Speed
Normal
Resources
Standard
Victory
Conquest
Starting age
Dark Age
Ending age
Imperial Age
RankedLock teamsTeams togetherTeam positionsShared explorationLock speedFull tech treeHidden civsTurbo modeCheats
Victory
Defeat
🇮🇳 Mongols · India
1210
+18
🇳🇱 Khmer · Netherlands
1255
-18
eessddzz
8:06 Feudal Age
8:48 Loom
12:59 Double-Bit Axe
19:39 Castle Age
17:35 Horse Collar
17:47 Gold Mining
19:07 Wheelbarrow
20:31 Bow Saw
21:30 Scale Barding Armor
22:40 Bloodlines
22:31 Husbandry
23:08 Chain Barding Armor
24:00 Forging
27:47 Gold Shaft Mining
27:20 Fletching
29:28 Bodkin Arrow
32:29 Ballistics
33:14 Hand Cart
33:39 Heavy Plow
34:29 Town Watch
37:58 Imperial Age
35:44 Padded Archer Armor
37:01 Leather Archer Armor
37:23 Iron Casting
36:59 Masonry
36:49 Stone Mining
37:11 Light Cavalry
38:44 Bracer
39:20 Plate Barding Armor
38:07 Hussar
39:23 Parthian Tactics
41:42 Blast Furnace
41:48 Chemistry
43:58 Conscription
45:08 Heavy Cavalry Archer
48:11 Ring Archer Armor
48:26 Architecture
50:57 Crop Rotation
62:41 Siege Engineers
63:16 Hoardings
78:55 Town Patrol
Iamak3186
5:19 Loom
7:51 Feudal Age
8:52 Double-Bit Axe
13:09 Horse Collar
19:53 Castle Age
18:52 Bloodlines
19:11 Gold Mining
19:28 Scale Barding Armor
20:45 Bow Saw
24:49 Heavy Plow
26:14 Chain Barding Armor
28:45 Wheelbarrow
27:58 Town Watch
30:11 Forging
30:21 Hand Cart
32:20 Stone Mining
32:42 Fletching
32:58 Husbandry
32:38 Elite Skirmisher
33:20 Padded Archer Armor
35:24 Bodkin Arrow
38:06 Ballistics
41:00 Imperial Age
40:24 Leather Archer Armor
41:19 Gold Shaft Mining
41:41 Heavy Camel Rider
42:46 Bracer
43:25 Conscription
45:41 Chemistry
46:29 Iron Casting
49:04 Light Cavalry
55:59 Blast Furnace
59:43 Hussar
Connection lost

Rejoining the realm…

Still unreachable

The connection could not be restored.

Session expired

The server has moved on; the page needs a fresh start.